 Dungeon Crawl Stone Soup version 0.24.0-2-g5b39cebb1c (webtiles) character file.

Game seed: 9335561390190762253, levelgen mode: deterministic

2121065 MeekVeins the Trollish Aeon (level 27, 258/258 HPs)
             Began as a Troll Wizard on Oct 31, 2019.
             Was the Champion of Cheibriados.
             Escaped with the Orb
             ... and 4 runes on Nov 1, 2019!
             The game lasted 07:33:12 (91205 turns).

MeekVeins the Trollish Aeon (Troll Wizard)         Turns: 91205, Time: 07:33:13

Health: 258/258    AC: 31    Str: 34    XL:     27
Magic:  38/38      EV: 13    Int: 44    God:    Cheibriados [******]
Gold:   992        SH: 31    Dex: 31    Spells: 0/50 levels left

rFire    + . .     SeeInvis +     - Unarmed
rCold    + . .     Gourm    +   I - +8 large shield {reflect}
rNeg     + + +     Faith    .   l - +6 pearl dragon scales "Pesemib" {rElec rC+ rN+ Int-2}
rPois    +         Spirit   .   e - +2 hat {Int+3}
rElec    +         Reflect  +   x - +2 cloak of Youthful Indiscretion {MR+ Str-4 Stlth+}
rCorr    .         Harm     .   (gloves unavailable)
MR       +++++                  (boots unavailable)
Stlth    ++........             G - macabre finger necklace {rN+}
HPRegen  0.93/turn              r - ring "Leiv" {rF+ MR+ Int-2 Dex+6}
MPRegen  0.26/turn              K - ring of Notreiss {+Fly MR+ Int+5 Dex-2 SInv}
                                W - ring of Zaluly {rN+ MR+ Int+4 Dex+4}

@: very slow
A: large, unfitting armour, claws 3, horns 1, dopey 1, fast metabolism 3,
gourmand, poison resistance, regeneration 1, screaming 1, shaggy fur 1, tough
skin 3
0: Orb of Zot
}: 4/15 runes: serpentine, barnacled, slimy, silver
a: Bend Time, Temporal Distortion, Slouch, Step From Time, Renounce Religion,
Evoke Flight


You escaped.
You worshipped Cheibriados.
Cheibriados was exalted by your worship.
You were not hungry.

You visited 12 branches of the dungeon, and saw 58 of its levels.
You visited the Abyss 1 time.
You also visited: Trove, Ossuary, Gauntlet, Ice Cave, Wizlab and Desolation.

You collected 6841 gold pieces.
You spent 5849 gold pieces at shops.

Inventory:

Hand Weapons
 b - the +9 staff of Wucad Mu {channel}
   (You found it in a wizard's laboratory)
Missiles
 d - 17 curare-tipped darts
 h - 20 large rocks (quivered)
 o - 30 silver javelins
 t - 56 javelins
 Z - 5 throwing nets
Armour
 e - a +2 hat of intelligence (worn)
 l - the +6 pearl dragon scales "Pesemib" (worn) {rElec rC+ rN+ Int-2}
   (You bought it in a shop on level 2 of the Snake Pit)

   It affects your intelligence (-2).
   It protects you from cold.
   It insulates you from electricity.
   It protects you from negative energy.
 m - a +2 robe of the Archmagi
 x - the +2 cloak of Youthful Indiscretion (worn) {MR+ Str-4 Stlth+}
   (You found it on level 4 of the Vaults)

   It affects your strength (-4).
   It affects your resistance to hostile enchantments.
   It makes you more stealthy.
 I - a +8 large shield of reflection (worn)
 X - the +9 scales of the Dragon King {rPois rF+ rC+ MR+}
   (You took it off a deep elf blademaster on level 3 of the Elven Halls)

   It protects you from fire.
   It protects you from cold.
   It protects you from poison.
   It affects your resistance to hostile enchantments.
Jewellery
 c - an uncursed ring of protection from cold
 g - the ring of Nobility {rElec rPois Int+4 Dex-2}
   (You found it in the Desolation of Salt)

   [ring of poison resistance]

   It affects your intelligence (+4).
   It affects your dexterity (-2).
   It insulates you from electricity.
   It protects you from poison.
 r - the ring "Leiv" (left claw) {rF+ MR+ Int-2 Dex+6}
   (You found it on level 5 of the Vaults)

   [ring of protection from magic]

   It affects your intelligence (-2).
   It affects your dexterity (+6).
   It protects you from fire.
   It affects your resistance to hostile enchantments.
 w - the ring "Qexargh" {-Tele rF+ rN+ rCorr}
   (You found it on level 3 of the Depths)

   [ring of resist corrosion]

   It protects you from fire.
   It protects you from negative energy.
   It prevents most forms of teleportation.
   It provides partial protection from all sources of acid and corrosion.
 G - the macabre finger necklace (around neck) {rN+}
   (You took it off a deep elf demonologist on level 3 of the Elven Halls)

   [amulet of nothing]

   It protects you from negative energy.
 K - the ring of Notreiss (right claw) {+Fly MR+ Int+5 Dex-2 SInv}
   (You found it in the Desolation of Salt)

   [ring of flight]

   It affects your intelligence (+5).
   It affects your dexterity (-2).
   It affects your resistance to hostile enchantments.
   It lets you see invisible.
   It lets you fly.
 W - the ring of Zaluly (on amulet) {rN+ MR+ Int+4 Dex+4}
   (You took it off an ancient champion on level 3 of the Crypt)

   [ring of positive energy]

   It affects your intelligence (+4).
   It affects your dexterity (+4).
   It protects you from negative energy.
   It affects your resistance to hostile enchantments.
Wands
 A - a wand of acid (13)
 D - a wand of digging (10)
 O - a wand of clouds (11)
 P - a wand of paralysis (14)
 S - a wand of scattershot (5)
Scrolls
 a - 22 scrolls of remove curse
 f - 3 scrolls of fear
 n - 11 scrolls of immolation
 p - 2 scrolls of summoning
 B - 11 scrolls of blinking
 E - 3 scrolls of holy word
 H - 11 scrolls of fog
 M - 5 scrolls of magic mapping
 R - 7 scrolls of identify
 T - 17 scrolls of teleportation
 V - 2 scrolls of enchant armour
Potions
 i - 5 potions of agility
 j - 3 potions of mutation
 k - 4 potions of invisibility
 q - 2 potions of magic
 u - 6 potions of ambrosia
 v - 7 potions of lignification
 y - 9 potions of might
 C - 5 potions of brilliance
 F - a potion of cancellation
 J - 11 potions of flight
 N - a potion of resistance
 Q - 25 potions of curing
 U - 15 potions of heal wounds
Miscellaneous
 Y - a lamp of fire
Comestibles
 z - 72 rations


   Skills:
 - Level 12.7 Fighting
 - Level 12.5 Throwing
 - Level 12.5 Armour
 - Level 6.0 Dodging
 - Level 8.0 Stealth
 - Level 12.5 Shields
 - Level 12.5 Unarmed Combat
 - Level 12.0 Spellcasting
   Level 3.0 Conjurations
 + Level 9.3 Hexes
 - Level 12.0 Summonings
 - Level 12.0 Necromancy
 - Level 12.0 Translocations
 + Level 11.3 Transmutations
   Level 3.0 Air Magic
 - Level 12.5 Earth Magic
   Level 8.0 Poison Magic
 - Level 12.7 Invocations
 - Level 12.0 Evocations


You couldn't memorise any spells.
You knew the following spells:

 Your Spells              Type           Power        Failure   Level  Hunger
a - Confusing Touch       Hex            ######       1%          1    None
b - Yara's Violent Unrav  Hex/Tmut       #######...   1%          5    None
c - Malign Gateway        Summ/Tloc      #######...   21%         7    ####...
e - Borgnjor's Vile Clut  Necr/Erth      #######...   1%          5    None
f - Lesser Beckoning      Tloc           #######...   1%          3    None
g - Passage of Golubria   Tloc           N/A          1%          4    None
h - Summon Butterflies    Summ           #######.     1%          1    None
i - Statue Form           Tmut/Erth      #######..    4%          6    ##.....
p - Portal Projectile     Hex/Tloc       ######       1%          3    None
x - Lee's Rapid Deconstr  Erth           #######...   1%          5    None
B - Blink                 Tloc           N/A          1%          2    None
D - Aura of Abjuration    Summ           #######...   1%          5    None
R - Regeneration          Chrm/Necr      ######....   1%          3    None

Your spell library contained the following spells:

 Spells                   Type           Power        Failure   Level  Hunger
 Animate Skeleton         Necr           N/A          1%          1    None
 Apportation              Tloc           ######       1%          1    None
 Corona                   Hex            #######      1%          1    None
 Flame Tongue             Conj/Fire      #####        1%          1    None
 Magic Dart               Conj           ####         1%          1    None
 Pain                     Necr           ####         1%          1    None
 Sandblast                Erth           ######       1%          1    None
 Sting                    Conj/Pois      ####         1%          1    None
 Summon Small Mammal      Summ           ####         1%          1    None
 Call Imp                 Summ           #######.     1%          2    None
 Passwall                 Tmut/Erth      #######.     1%          2    None
 Poisonous Vapours        Pois/Air       ######       1%          2    None
 Searing Ray              Conj           ######       1%          2    None
 Shroud of Golubria       Chrm/Tloc      ######       1%          2    None
 Slow                     Hex            #######.     1%          2    None
 Call Canine Familiar     Summ           #######.     1%          3    None
 Confuse                  Hex            #######.     1%          3    None
 Dazzling Spray           Conj/Hex       ######       1%          3    None
 Gell's Gravitas          Tloc           #######...   1%          3    None
 Ignite Poison            Fire/Tmut/Pois ######..     1%          3    None
 Inner Flame              Hex/Fire       ######..     1%          3    None
 Mephitic Cloud           Conj/Pois/Air  ######..     1%          3    None
 Recall                   Summ/Tloc      N/A          1%          3    None
 Spectral Weapon          Hex/Chrm       ######..     1%          3    None
 Stone Arrow              Conj/Erth      ######       1%          3    None
 Summon Guardian Golem    Hex/Summ       #######.     1%          3    None
 Tukima's Dance           Hex            #######.     1%          3    None
 Vampiric Draining        Necr           #######...   1%          3    None
 Animate Dead             Necr           N/A          1%          4    None
 Cause Fear               Hex            #######...   1%          4    None
 Force Lance              Conj/Tloc      #######.     1%          4    None
 Leda's Liquefaction      Hex/Erth       #######...   1%          4    None
 Olgreb's Toxic Radiance  Pois           #######.     1%          4    None
 Petrify                  Tmut/Erth      #######.     1%          4    None
 Summon Lightning Spire   Summ/Air       #######.     1%          4    None
 Alistair's Intoxication  Tmut/Pois      #######.     1%          5    None
 Summon Demon             Summ           #######...   1%          5    None
 Summon Forest            Summ/Tloc      #######...   1%          5    None
 Summon Mana Viper        Hex/Summ       #######.     1%          5    None
 Swiftness                Chrm/Air       #####...     2%          2    None
 Throw Flame              Conj/Fire      #####.       2%          2    None
 Fulminant Prism          Conj/Hex       ######....   2%          4    None
 Summon Ice Beast         Ice/Summ       ######..     2%          4    None
 Static Discharge         Conj/Air       ######..     3%          3    None
 Ice Form                 Ice/Tmut       ######..     3%          4    None
 Death Channel            Necr           #######...   3%          6    ##.....
 Shadow Creatures         Summ           N/A          3%          6    ##.....
 Irradiate                Conj/Tmut      ######....   4%          5    None
 Hydra Form               Tmut           #######...   4%          6    ##.....
 Conjure Flame            Conj/Fire      #####...     5%          3    None
 Silence                  Hex/Air        ######....   8%          5    None
 Iskenderun's Mystic Bla  Conj           ######..     10%         4    None
 Venom Bolt               Conj/Pois      ######....   10%         5    None
 Bolt of Magma            Conj/Fire/Erth ######....   11%         5    None
 Invisibility             Hex            #######.     12%         6    ##.....
 Metabolic Englaciation   Hex/Ice        ######....   14%         5    None
 Sticky Flame             Conj/Fire      #####...     19%         4    None
 Haunt                    Necr/Summ      #######...   21%         7    ####...
 Summon Hydra             Summ           #######...   21%         7    ####...
 Iron Shot                Conj/Erth      #######...   22%         6    ##.....
 Lightning Bolt           Conj/Air       ######....   26%         5    None
 Dragon Form              Tmut           #######...   28%         7    ####...
 Simulacrum               Ice/Necr       ######....   41%         6    ##.....
 Fireball                 Conj/Fire      #####.....   45%         5    None
 Iskenderun's Battlesphe  Conj/Chrm      #####...     45%         5    None
 Spellforged Servitor     Conj/Summ      #######...   78%         7    ####...
 Conjure Ball Lightning   Conj/Air       ######....   83%         6    ##.....
 Borgnjor's Revivificati  Necr           #######...   85%         8    ######.
 Controlled Blink         Tloc           N/A          85%         8    ######.
 Infestation              Necr           #######...   85%         8    ######.
 Necromutation            Tmut/Necr      #######...   88%         8    ######.
 Freezing Cloud           Conj/Ice/Air   #####.....   92%         6    ##.....
 Bolt of Cold             Conj/Ice       #####.....   95%         6    ##.....
 Deflect Missiles         Chrm/Air       #####.....   95%         6    ##.....
 Ozocubu's Refrigeration  Ice            ####......   99%         6    ##.....
 Discord                  Hex            #######...   99%         8    ######.
 Orb of Destruction       Conj           ######....   100%        7    ####...
 Death's Door             Chrm/Necr      ######....   100%        8    ######.
 Ignition                 Fire           ####......   100%        8    ######.
 Shatter                  Erth           #######...   100%        9    #######
 Tornado                  Air            ######....   100%        9    #######


Dungeon Overview and Level Annotations

Branches:
Dungeon (15/15)            Temple (1/1) D:7            Lair (6/6) D:10
 Shoals (4/4) Lair:2        Snake (4/4) Lair:4        Slime (5/5) Lair:5
    Orc (2/2) D:10            Elf (3/3) Orc:2        Vaults (5/5) D:13
  Crypt (3/3) Vaults:2       Tomb (0/3) Crypt:3      Depths (5/5) D:15
    Zot (5/5) Depths:5    Ossuary (visited)           IceCv (visited)
 WizLab (visited)         Desolation (visited)      Gauntlet (visited)

Altars:
Ashenzari
Cheibriados
Fedhas
Gozag
Hepliaklqana
Kikubaaqudgha
Makhleb
Nemelex Xobeh
Okawaru
Qazlal
Ru
Sif Muna
Trog
Uskayaw
Vehumet
Wu Jian
Xom
Yredelemnul
Zin
The Shining One
Jiyva
Lugonu

Shops:
D:4 :   D:6 }   D:12 %   Orc:2 =}[!   Elf:3 =   Snake:2 [   Vaults:1 [
Vaults:2 [   Vaults:5 %?[%?%!??

Portals:
Hell: Depths:1 Depths:2 Depths:3 Depths:4 Depths:5
Abyss: Depths:2 Depths:4
Pandemonium: Depths:3 Depths:4
Ziggurat: Depths:1

Annotations:
D:7 1 runed translucent door, Crazy Yiuf
Lair:4 2 exclusions
Lair:6 3 runed translucent doors, 1 exclusion, aMcNicky's ghost, journeyman FoWr
Shoals:2 exclusion: door
Snake:4 exclusion: 3 doors
Elf:2 5 runed translucent doors
Vaults:3 exclusion: downstairs
Depths:5 5 runed translucent doors
Zot:5 1 exclusion


Innate Abilities, Weirdness & Mutations

You are too large for most types of armour.
You have claws for hands.
Your metabolism is lightning-fast.
You like to eat raw meat.
Your natural rate of healing is unusually fast.
You are covered in fur. (AC +1)
You have extremely tough skin. (AC +3)
You have a pair of small horns on your head.
You are dopey. (Int -2)
Your system is resistant to poisons. (rPois)
You occasionally shout uncontrollably at your foes.


Message History

Magic restored.
An Ice Fiend comes into view.
Okay, then.
Casting: Borgnjor's Vile Clutch (safe; 1% risk of failure)
Confirm with . or Enter, or press ? or * to list all spells.
Aiming: Borgnjor's Vile Clutch (safe; 1% risk of failure)
Press: ? - help, Dir - move target cursor, f - Ice Fiend
Aim: an Ice Fiend Decaying hands burst forth from the earth!
Zombie hands grab the Ice Fiend.
The zombie hands constrict the Ice Fiend.
Throwing (i - inventory. (/) - cycle)
h - 22 large rocks (quivered)
Press: ? - help, Shift-Dir - straight line, f/p - Ice Fiend
Aim: an Ice Fiend (lightly wounded, constricted by zombie hands)
You throw a large rock. The large rock hits the Ice Fiend!!!
The Ice Fiend is heavily wounded.
The zombie hands constrict the Ice Fiend!
The Ice Fiend calls on the powers of darkness!
Your body is wracked with pain!
Throwing (i - inventory. (/) - cycle)
h - 21 large rocks (quivered)
Press: ? - help, Shift-Dir - straight line, f/p - Ice Fiend
Aim: an Ice Fiend (severely wounded, constricted by zombie hands)
You throw a large rock. The large rock hits the Ice Fiend!
The Ice Fiend is severely wounded.
The zombie hands constrict the Ice Fiend!!
You kill the Ice Fiend!
Cheibriados appreciates the change of pace.
Casting: Borgnjor's Vile Clutch (safe; 1% risk of failure)
Confirm with . or Enter, or press ? or * to list all spells.
Your skin crawls.
There is an escape hatch in the ceiling here.
A mysterious force pulls you upwards. The hatch slams shut behind you.
You see here a ring mail.
Magic restored.
Your skin is crawling a little less now.
Your skin stops crawling.
HP restored.
There is a stone staircase leading up here.
You climb upwards.
There is a stone staircase leading down here.
You see here a +0 club.
Things that are here:
a +0 club; a cursed -2 dagger; a +0 club
There is an open door here.
There is an open door here.
There is an open door here.
There is an open door here.
There is an open door here.
There is a staircase leading out of the dungeon here.
You have escaped!

#
#...#.'#'.+#'.+#'.+#'.#
#... #
###.###.###.###.###.###
#... #
#...#.+#'.+#'.+#'[#
##.# #
###.###.###.###.### #.#
# #..÷#.'#'.+#'.# #.#
### ###.###.###.#####
#.# ..# #...#.+.'.#...#
#.# #.#
###.###.###.#.### #[#
#.# #...#@#.......# #.#
#.# ###.###.#.....# #.÷
#.# #.....#..#..## #..
#.# ##.#.........# #..
..# #.#.###.##..#####..
### #...# #........##..
##### #####.##.##..
#.....#.. #.....#..


There were no monsters in sight!

Vanquished Creatures
  the Royal Jelly (Slime:5)
  4 orbs of fire (Zot:5)
  3 ancient liches
  4 Killer Klowns (Zot:5)
  Vashnia (Snake:2)
  Saint Roka (Vaults:1)
  A curse toe (Crypt:3)
  Xtahua (Crypt:2)
  7 golden dragons
  4 pandemonium lords
  An electric golem (Zot:5)
  A Brimstone Fiend (D:8)
  Rupert (Orc:2)
  A Hell Sentinel (Depths:2)
  27 Orb Guardians
  8 tentacled monstrosities
  An Ice Fiend (D:3)
  23 acid blobs
  2 deep elf blademasters (Elf:3)
  7 liches
  8 quicksilver dragons
  An acid blob (shapeshifter) (Vaults:5)
  A kraken (Shoals:4)
  3 Executioners
  5 titans
  2 deep elf master archers (Elf:3)
  A tentacled starspawn (Abyss:2)
  11 shadow dragons
  5 sphinxes
  11 storm dragons
  7 ancient champions
  4 revenants
  A warmonger (D:5)
  2 draconian monks (Depths:5)
  Donald (Vaults:1)
  10 tengu reavers
  7 azure jellies
  15 nagarajas
  9 deep elf sorcerers
  4 draconian scorchers
  14 frost giants
  15 vault wardens
  7 fire giants
  3 ghost moths
  2 draconian knights
  An iron dragon (Vaults:5)
  2 balrugs
  An imperial myrmidon (Desolation)
  12 ghouls
  3 draconian stormcallers
  3 deep elf elementalists
  5 curse skulls
  2 draconian shifters (Zot:5)
  21 ironheart preservers
  7 draconian annihilators
  16 stone giants
  An angel (Depths:2)
  3 war gargoyles
  An entropy weaver (Vaults:3)
  3 reapers
  15 very ugly things
  3 vampire knights
  9 black draconians
  2 green draconians
  6 purple draconians
  8 red draconians
  8 deep elf annihilators (Elf:3)
  11 deep elf demonologists
  9 yellow draconians
  4 halazid warlocks (Desolation)
  2 spark wasps (Depths:2)
  7 eidola
  An orange crystal statue (WizLab)
  2 green deaths
  7 white draconians
  Snorg (D:10)
  5 merfolk javelineers
  11 deep elf death magi
  2 crystal guardians
  11 ettins
  4 jiangshi
  10 death oozes
  13 great orbs of eyes
  Erolcha (Orc:2)
  13 yaktaur captains
  5 ragged hierophants (Desolation)
  9 merfolk impalers
  2 monstrous demonspawn
  4 deep elf high priests
  30 vault guards
  15 fire dragons
  Harold (D:10)
  A hell beast (Depths:4)
  13 ice dragons
  17 naga warriors
  8 servants of whispers (Desolation)
  9 peacekeepers (Desolation)
  13 hydras
  3 spriggan air magi (Depths:4)
  2 merfolk avatars
  3 alligator snapping turtles (Shoals:4)
  12 centaur warriors
  3 satyrs
  4 merfolk aquamancers (Shoals:4)
  7 death knights
  A catoblepas (Depths:4)
  12 anacondas
  13 ogre magi
  9 dancing weapons
  3 vampire magi
  35 two-headed ogres
  8 deep troll shamans
  4 death yaks (Lair:6)
  3 orc high priests
  A tengu warrior (Depths:1)
  3 thrashing horrors (Abyss:2)
  5 deep troll earth magi
  5 small abominations
  6 shock serpents
  3 sun demons
  16 naga sharpshooters
  5 spriggan berserkers
  Sonja (D:11)
  2 hell knights
  A fire crab (shapeshifter) (Vaults:4)
  26 deep elf knights
  A titan skeleton (Depths:3)
  4 salamander mystics
  An iron troll (Depths:3)
  7 shadow wraiths
  36 skeletal warriors
  18 sea snakes
  2 storm dragon skeletons
  5 flayed ghosts
  A gelid demonspawn (Depths:1)
  A spriggan druid (Depths:5)
  2 unseen horrors
  10 glowing orange brains
  A sea snake (shapeshifter) (Vaults:4)
  A swamp dragon (Lair:6)
  A swamp dragon (shapeshifter) (Vaults:4)
  A wizard (Vaults:2)
  6 naga ritualists
  33 deep trolls
  A wolf spider zombie (D:15)
  16 ironbrand convokers
  14 phantasmal warriors
  11 orc knights
  7 necromancers
  Pikel (D:4)
  39 harpies
  13 mana vipers
  21 deep elf archers
  An iron giant skeleton (Crypt:3)
  A fire giant zombie (Crypt:3)
  A mana viper (shapeshifter) (Depths:1)
  88 deep elf magi
  45 ugly things
  4 wolf spiders
  An iron dragon zombie (Crypt:3)
  20 salamanders
  15 fauns
  2 frost giant zombies
  4 moths of wrath
  6 orc sorcerers
  13 cyclopes
  11 manticores
  9 shining eyes
  A sphinx skeleton (Depths:3)
  6 merfolk sirens
  A human skeleton (Vaults:3)
  3 ice statues
  6 elephants (Lair:6)
  A salamander (shapeshifter) (Abyss:2)
  A guardian serpent (shapeshifter) (Depths:2)
  13 guardian serpents
  2 shadow dragon skeletons (Vaults:3)
  A toenail golem (Zot:4)
  A worldbinder (Abyss:2)
  An alligator snapping turtle zombie (Crypt:1)
  11 vault sentinels
  2 smoke demons
  4 eyes of devastation
  7 water nymphs
  3 rust devils
  An elephant slug zombie (Crypt:3)
  An orange demon (Zot:3)
  48 black mambas
  A spectral iron troll (Crypt:2)
  A molten gargoyle (Desolation)
  14 naga magi
  2 gargoyles
  A white draconian zombie (Crypt:3)
  2 komodo dragons (shapeshifter)
  A yaktaur (shapeshifter) (Vaults:1)
  19 spiny frogs
  A minotaur zombie (Crypt:1)
  2 rime drakes
  2 kobold demonologists
  5 komodo dragons
  A catoblepas zombie (Crypt:3)
  2 efreet
  A demonic crawler (D:7)
  40 yaktaurs
  11 freezing wraiths
  A hellwing (D:11)
  A yaktaur skeleton (Depths:1)
  6 trolls
  A meliai (D:10)
  A queen bee (shapeshifter) (Vaults:2)
  4 tengu conjurers
  10 ice devils
  A jumping spider (Vaults:2)
  3 spectral deep trolls (Crypt:2)
  A meliai (shapeshifter) (Vaults:5)
  An ancient zyme (Abyss:2)
  A sea snake skeleton (Crypt:2)
  4 red devils
  2 wind drakes
  14 hornets
  A moth of wrath zombie (Crypt:1)
  35 merfolk
  21 blink frogs
  5 raiju (Depths:2)
  2 bog bodies
  53 slime creatures
  A satyr zombie (Crypt:2)
  56 saltlings (Desolation)
  7 hippogriffs
  8 dream sheep (Shoals:4)
  A dream sheep (shapeshifter) (Vaults:5)
  10 snapping turtles
  An ettin zombie (Crypt:2)
  A spriggan skeleton (Depths:3)
  An alligator skeleton (Crypt:3)
  2 air elementals (Elf:3)
  3 flying skulls (Crypt:3)
  2 shadows
  6 large abominations
  3 vampires (Vaults:2)
  A tarantella (Vaults:3)
  4 starcursed masses (Abyss:2)
  An ice dragon skeleton (Depths:1)
  8 spriggans
  7 wraiths
  Sigmund (D:2)
  20 water elementals
  41 yaks
  5 redbacks
  2 spriggans (shapeshifter)
  A ynoxinul (D:13)
  An ettin skeleton (Crypt:3)
  14 wyverns
  A golden eye (shapeshifter) (Depths:1)
  5 basilisks
  3 fire bats (Lair:3)
  A black mamba skeleton (Crypt:3)
  3 neqoxecs
  A fire elemental (Elf:1)
  2 steam dragons (Lair:6)
  4 vampire mosquitoes (D:15)
  A human simulacrum (Vaults:4)
  A chaos spawn (Depths:4)
  8 wargs
  6 hungry ghosts
  3 acid dragons (Lair:6)
  2 soldier ants (D:13)
  65 nagas
  A faun skeleton (Crypt:1)
  12 porcupines
  14 water moccasins
  Duvessa (D:6)
  2 floating eyes (shapeshifter)
  3 hell hounds (Depths:4)
  A porcupine (shapeshifter) (Vaults:1)
  A two-headed ogre skeleton (Crypt:2)
  A floating eye (Slime:5)
  3 phantoms
  A swamp drake (D:10)
  A swamp drake (shapeshifter) (Abyss:2)
  An ice beast (shapeshifter) (Vaults:2)
  A monstrous demonspawn skeleton (Crypt:1)
  5 sky beasts
  4 ice beasts
  47 orc warriors
  3 necrophages
  3 eyes of draining
  A boggart (shapeshifter) (Vaults:5)
  14 wolves
  20 centaurs
  5 boggarts
  39 ogres
  18 crocodiles
  7 big kobolds
  2 wyvern zombies
  A hippogriff skeleton (Crypt:3)
  20 bullfrogs
  An ogre simulacrum (Vaults:1)
  2 earth elementals
  Dowan (D:6)
  A wyvern skeleton (D:8)
  6 scorpions
  An elf simulacrum (Vaults:1)
  A water moccasin skeleton (Crypt:1)
  9 wights
  3 killer bees (D:12)
  A snapping turtle simulacrum (Crypt:3)
  9 electric eels
  4 howler monkeys
  A troll skeleton (Crypt:1)
  4 centaur zombies
  14 crimson imps
  A quasit (Zot:3)
  2 human zombies
  11 hounds
  8 jellies
  36 orc wizards
  39 orc priests
  3 bullfrog skeletons
  A bullfrog zombie (D:6)
  7 centaur skeletons
  A gnoll shaman (D:7)
  Jessica (D:2)
  Ijyb (D:3)
  3 iguanas
  A porcupine zombie (Crypt:1)
  Natasha (thrice) (D:4)
  A demonspawn skeleton (Crypt:2)
  3 polar bear simulacra (D:11)
  17 worker ants
  3 yak simulacra (D:11)
  2 wolf simulacra (D:11)
  A naga skeleton (Crypt:1)
  A sky beast zombie (Crypt:3)
  A hound zombie (D:6)
  8 mummies (Ossuary)
  2 worker ant zombies
  10 gnolls
  7 adders
  2 shadow imps
  4 white imps (IceCv)
  5 ufetubi (IceCv)
  7 oozes
  A lava snake skeleton (Crypt:2)
  3 adder skeletons
  An adder zombie (D:7)
  A barachi zombie (Crypt:1)
  3 worms
  A dart slug (D:1)
  5 leopard geckos
  124 orcs
  6 giant cockroaches
  3 goblins
  7 hobgoblins
  18 jackals
  4 quokkas
  2 ball pythons
  A ball python skeleton (Crypt:3)
  6 bats
  7 frilled lizards
  3 gnoll zombies (Ossuary)
  3 hobgoblin zombies
  A jackal skeleton (D:5)
  22 kobolds
  2 kobold zombies
  2 leopard gecko skeletons
  3 orc zombies
  2 quokka skeletons (D:6)
  4 rats
  3 river rat simulacra (D:11)
  2 crawling corpses (Elf:2)
  A fire vortex (Depths:5)
  2 plants
  2 starspawn tentacles (Abyss:2)
  2 tentacles (Shoals:4)
2723 creatures vanquished.

Vanquished Creatures (collateral kills)
  An ancient lich (Zot:5)
  A Killer Klown (Zot:5)
  2 Orb Guardians (Zot:5)
  An entropy weaver (Vaults:2)
  A yellow draconian (Zot:5)
  A naga ritualist (Snake:4)
  A yaktaur (D:13)
  A spriggan (Depths:2)
9 creatures vanquished.

Vanquished Creatures (others)
  An electric golem (Zot:5)
  2 eldritch tentacles (Zot:5)
  A vault warden (Vaults:5)
  A fire giant (Depths:5)
  2 stone giants (Vaults:5)
  A deep elf death mage (Vaults:1)
  A fire dragon (Depths:4)
  8 yaktaur captains
  2 centaur warriors
  A soul eater (Depths:2)
  A deep elf knight (Vaults:2)
  A deep elf archer (Vaults:5)
  An ugly thing (D:15)
  22 yaktaurs
  A freezing wraith (Vaults:2)
  3 centaurs
  3 white imps (IceCv)
  7 ufetubi (IceCv)
  An orc (Vaults:1)
  21 fungi
  83 plants
  2 starspawn tentacles (Abyss:2)
  11 tentacles (Shoals:4)
  A withered plant (Gauntlet)
178 creatures vanquished.

Grand Total: 2910 creatures vanquished

Notes
Turn   | Place    | Note
-------+----------+-------------------------------------------
     0 | D:1      | MeekVeins the Troll Wizard began the quest for the Orb.
     0 | D:1      | Reached XP level 1. HP: 16/16 MP: 2/2
    27 | D:1      | Reached skill level 1 in Unarmed Combat
    37 | D:1      | Reached XP level 2. HP: 12/24 MP: 4/4
   591 | D:1      | Reached XP level 3. HP: 30/31 MP: 5/5
   740 | D:2      | Found a sacrificial altar of Ru.
  1133 | D:2      | Found a stormy altar of Qazlal.
  1134 | D:2      | Noticed an air elemental
  1136 | D:2      | Noticed a fire elemental
  1136 | D:2      | Noticed an earth elemental
  1136 | D:2      | Noticed a water elemental
  1143 | D:2      | Noticed Jessica
  1153 | D:2      | Killed Jessica
  1153 | D:2      | Reached XP level 4. HP: 31/39 MP: 6/6
  1192 | D:2      | Noticed Sigmund
  1344 | D:3      | Found a faded altar of an unknown god.
  1345 | D:3      | Noticed Ijyb
  1403 | D:4      | Reached XP level 5. HP: 45/45 MP: 7/7
  1421 | D:4      | Noticed an ogre
  1431 | D:4      | Killed an ogre
  1431 | D:4      | Reached skill level 5 in Unarmed Combat
  1437 | D:4      | Noticed a slave
  1437 | D:4      | Noticed a slave
  1438 | D:4      | Noticed Pikel
  1441 | D:4      | Found an ancient bone altar of Kikubaaqudgha.
  1442 | D:4      | Noticed a slave
  1443 | D:4      | Noticed a slave
  1466 | D:3      | Found a hide-covered altar of Uskayaw.
  1466 | D:3      | Noticed a +0 hand axe
  1466 | D:3      | Noticed a +0 dagger
  1578 | D:4      | Noticed Natasha
  1591 | D:4      | Killed Natasha
  1670 | D:4      | Reached XP level 6. HP: 25/53 MP: 8/8
  1722 | D:4      | Found Tyfeer's Book Boutique.
  1739 | D:4      | Noticed Natasha
  1747 | D:4      | Killed Natasha
  1747 | D:4      | Reached skill level 1 in Fighting
  1747 | D:4      | Reached skill level 1 in Shields
  1810 | D:4      | Found a sand-covered staircase.
  1822 | D:4      | Reached XP level 7. HP: 64/65 MP: 9/9
  1826 | Ossuary  | Entered an ossuary
  2460 | D:5      | Entered Level 5 of the Dungeon
  3310 | D:6      | Reached XP level 8. HP: 78/78 MP: 10/10
  3498 | D:4      | Noticed Natasha
  3856 | D:6      | Found Zionir's Gadget Boutique.
  4099 | D:6      | Found a basalt altar of Yredelemnul.
  4331 | D:7      | Noticed Dowan
  4331 | D:7      | Noticed Duvessa
  4422 | D:6      | Killed Duvessa
  4422 | D:6      | Reached skill level 5 in Shields
  4424 | D:6      | Killed Dowan
  4450 | D:7      | Found a staircase to the Ecumenical Temple.
  4463 | Temple   | Entered the Ecumenical Temple
  4622 | Temple   | Became a worshipper of Cheibriados the Contemplative
  4711 | D:7      | Reached XP level 9. HP: 84/84 MP: 11/11
  4982 | D:7      | Found an ornate altar of the Wu Jian Council.
  4984 | D:7      | Found an iron altar of Okawaru.
  4985 | D:7      | Found a bloodstained altar of Trog.
  5047 | D:7      | Found a runed translucent door.
  5048 | D:7      | Noticed Crazy Yiuf
  5788 | D:4      | Killed Pikel
  5789 | D:4      | Found an ancient bone altar of Kikubaaqudgha.
  5818 | D:4      | Killed Natasha
  5853 | D:3      | Killed Ijyb
  6190 | D:3      | Reached * piety under Cheibriados
  6279 | D:2      | Killed Sigmund
  6279 | D:2      | Reached skill level 5 in Fighting
  6776 | D:8      | Reached ** piety under Cheibriados
  6934 | D:8      | Reached XP level 10. HP: 64/98 MP: 12/12
  7246 | D:9      | Learned a level 2 spell: Blink
  7365 | D:9      | Learned a level 1 spell: Confusing Touch
  7536 | D:9      | Reached *** piety under Cheibriados
  7773 | D:9      | Found an opulent altar of Gozag.
  7815 | D:9      | Got a fine quarterstaff
  7950 | D:10     | Entered Level 10 of the Dungeon
  7982 | D:10     | Reached skill level 1 in Hexes
  8482 | D:10     | Found a staircase to the Lair.
  8493 | D:10     | Reached **** piety under Cheibriados
  8589 | D:10     | Noticed Harold
  8623 | D:10     | Killed Harold
  8665 | D:10     | Noticed Snorg
  8679 | D:10     | Killed Snorg
  8679 | D:10     | Reached skill level 1 in Invocations
  8679 | D:10     | Reached XP level 11. HP: 83/109 MP: 11/13
  9159 | D:10     | Noticed a two-headed ogre
  9183 | D:10     | Killed a two-headed ogre
  9183 | D:10     | Reached skill level 10 in Unarmed Combat
  9330 | D:10     | Reached ***** piety under Cheibriados
  9455 | D:10     | Found a staircase to the Orcish Mines.
  9495 | D:10     | Learned a level 3 spell: Confuse
  9785 | Lair:1   | Entered Level 1 of the Lair of Beasts
  9830 | Lair:1   | Noticed a four-headed hydra
  9846 | Lair:1   | Killed a four-headed hydra
  9993 | Lair:1   | Reached skill level 5 in Invocations
  9997 | Lair:1   | Reached skill level 1 in Evocations
 10952 | Lair:2   | Learned a level 3 spell: Mephitic Cloud
 11141 | Lair:2   | Reached skill level 1 in Conjurations
 11141 | Lair:2   | Reached skill level 1 in Translocations
 11270 | Lair:2   | Reached skill level 1 in Poison Magic
 11321 | Lair:2   | Reached skill level 1 in Air Magic
 11450 | Lair:2   | Found a staircase to the Shoals.
 11465 | Lair:2   | Reached XP level 12. HP: 119/119 MP: 12/14
 12152 | Lair:3   | Noticed a seven-headed hydra
 12166 | Lair:3   | Killed a seven-headed hydra
 12202 | Lair:3   | Found a gate leading to a gauntlet.
 12211 | Gauntlet | Entered a Gauntlet
 12211 | Gauntlet | Found a transporter.
 12211 | Gauntlet | Found a transporter.
 12222 | Gauntlet | Found a transporter.
 12224 | Gauntlet | Found a transporter.
 12235 | Gauntlet | Found a transporter.
 12239 | Gauntlet | Found a runed translucent door.
 12241 | Gauntlet | Found a runed translucent door.
 12243 | Gauntlet | Found a transporter.
 12261 | Gauntlet | Found a transporter.
 12261 | Gauntlet | Noticed a ghost crab
 12280 | Gauntlet | Found a transporter.
 12283 | Gauntlet | Found a transporter.
 12293 | Gauntlet | Found a transporter.
 12296 | Gauntlet | Found a transporter.
 12297 | Gauntlet | Noticed a death scarab
 12357 | Gauntlet | Found a transporter.
 13618 | Lair:4   | Found a staircase to the Snake Pit.
 13808 | Lair:4   | Reached ****** piety under Cheibriados
 14322 | Lair:5   | Noticed a seven-headed hydra
 14331 | Lair:5   | Killed a seven-headed hydra
 14880 | Lair:5   | Found a staircase to the Slime Pits.
 15217 | Lair:6   | Entered Level 6 of the Lair of Beasts
 15217 | Lair:6   | Noticed an eight-headed hydra
 15223 | Lair:6   | Killed an eight-headed hydra
 15223 | Lair:6   | Reached XP level 13. HP: 127/127 MP: 16/16
 15259 | Lair:6   | Found a bloodstained altar of Trog.
 15726 | Lair:6   | Reached skill level 1 in Throwing
 16271 | Lair:6   | Found a runed translucent gate.
 16272 | Lair:6   | Found a runed translucent gate.
 16275 | Lair:6   | Found a runed translucent gate.
 16276 | Lair:6   | Noticed a minotaur
 16453 | Lair:6   | Noticed aMcNicky's ghost (journeyman FoWr)
 16484 | Lair:6   | Reached skill level 10 in Fighting
 16800 | Lair:6   | Reached skill level 1 in Armour
 16817 | Lair:6   | Reached XP level 14. HP: 123/143 MP: 13/18
 16957 | Lair:6   | Got a smoking pewter ring
 16959 | Lair:6   | Identified the ring of Urphuibb {rPois AC+1 Int+6 Dex-2}
                  | (You found it on level 6 of the Lair of Beasts)
 18124 | D:11     | Noticed Sonja
 18128 | D:11     | Killed Sonja
 18713 | D:11     | Found a portal to a secret trove of treasure.
 19070 | D:12     | Reached skill level 5 in Throwing
 19073 | D:12     | Found Faezul's Food Boutique.
 19192 | D:12     | Found a frozen archway.
 19217 | IceCv    | Entered an ice cave
 19734 | IceCv    | Noticed a reaper
 19742 | IceCv    | Killed a reaper
 20508 | D:13     | Learned a level 4 spell: Olgreb's Toxic Radiance
 20904 | D:13     | Reached skill level 5 in Dodging
 21189 | D:13     | Reached skill level 5 in Armour
 21481 | D:13     | Found a gate to the Vaults.
 21792 | Orc:1    | Entered Level 1 of the Orcish Mines
 21923 | Orc:2    | Entered Level 2 of the Orcish Mines
 21929 | Orc:2    | Found a staircase to the Elven Halls.
 21931 | Orc:2    | Noticed Rupert
 21934 | Orc:2    | Noticed Erolcha
 22210 | Orc:2    | Killed Rupert
 22210 | Orc:2    | Reached skill level 5 in Poison Magic
 22482 | Orc:2    | Identified a scroll of acquirement
 22493 | Orc:2    | Killed Erolcha
 22493 | Orc:2    | Reached XP level 15. HP: 149/149 MP: 2/19
 22978 | Orc:2    | Found Siacror's Antique Armour Emporium.
 22978 | Orc:2    | Found Fuuclaop's Distillery.
 22986 | Orc:2    | Found Ochi's Gadget Shoppe.
 22988 | Orc:2    | Found Mowioff's Jewellery Shoppe.
 23010 | Orc:2    | Bought an uncursed ring of see invisible for 255 gold
                  | pieces
 23010 | Orc:2    | Bought the cursed necklace of Bloodlust {*Rage +Rage MR++
                  | Int-3 Slay+6 *Curse} for 1176 gold pieces
 23010 | Orc:2    | Found the cursed necklace of Bloodlust {*Rage +Rage MR++
                  | Int-3 Slay+6 *Curse}
 23014 | Orc:2    | Bought a glowing robe for 148 gold pieces
 23025 | Orc:2    | Bought 2 potions of magic for 208 gold pieces
 24566 | D:15     | Entered Level 15 of the Dungeon
 25032 | D:15     | Found a staircase to the Depths.
 25901 | Shoals:1 | Entered Level 1 of the Shoals
 27617 | Snake:1  | Entered Level 1 of the Snake Pit
 27964 | Snake:1  | Noticed a nagaraja
 28063 | Snake:1  | Killed a nagaraja
 28558 | Snake:1  | Reached XP level 16. HP: 87/161 MP: 21/21
 28996 | Snake:1  | Reached skill level 5 in Spellcasting
 31402 | Shoals:2 | Noticed a titan
 32525 | Shoals:3 | Reached skill level 10 in Throwing
 33425 | Snake:2  | Reached XP level 17. HP: 133/172 MP: 17/23
 33646 | Snake:3  | Noticed Vashnia
 34539 | Snake:2  | Reached skill level 10 in Invocations
 34546 | Snake:2  | Learned a level 5 spell: Yara's Violent Unravelling
 34552 | Snake:2  | Learned a level 5 spell: Lee's Rapid Deconstruction
 34629 | Snake:2  | Found Qevvit's Armour Emporium.
 34877 | Snake:2  | Reached skill level 1 in Earth Magic
 35001 | Snake:2  | Found Qevvit's Armour Emporium.
 35065 | Snake:2  | Killed Vashnia
 35065 | Snake:2  | Reached skill level 1 in Transmutations
 36885 | Snake:4  | Entered Level 4 of the Snake Pit
 38495 | Snake:4  | Reached skill level 5 in Transmutations
 38601 | Snake:4  | Reached XP level 18. HP: 154/182 MP: 5/26
 40183 | Elf:1    | Entered Level 1 of the Elven Halls
 40256 | Elf:1    | Found a ruined gateway.
 40304 | Desolati | Entered the Desolation of Salt
 40409 | Desolati | Reached skill level 5 in Hexes
 40525 | Desolati | Reached skill level 5 in Earth Magic
 40827 | Desolati | Identified the +7 scale mail "Feule" {rF+ rN+ Str+4}
 41009 | Desolati | Got a glittering platinum ring
 41016 | Desolati | Identified the ring of Notreiss {+Fly MR+ Int+5 Dex-2 SInv}
                  | (You found it in the Desolation of Salt)
 42068 | Desolati | Got a coiled ivory amulet
 42069 | Desolati | Identified the amulet "Ogomez" {Spirit *Drain rPois rF+
                  | MR+} (You found it in the Desolation of Salt)
 42217 | Desolati | Got a heavily runed brass ring
 42218 | Desolati | Identified the ring of Nobility {rElec rPois Int+4 Dex-2}
                  | (You found it in the Desolation of Salt)
 42937 | Elf:1    | Noticed a Brimstone Fiend
 43387 | Elf:1    | Identified the Almanac of Calling
 43431 | Elf:1    | Reached XP level 19. HP: 181/189 MP: 7/27
 44098 | Elf:2    | Found a huge runed translucent gate.
 44098 | Elf:2    | Found a huge runed translucent gate.
 44098 | Elf:2    | Found a huge runed translucent gate.
 44098 | Elf:2    | Found a huge runed translucent gate.
 44098 | Elf:2    | Found a huge runed translucent gate.
 44608 | Elf:3    | Entered Level 3 of the Elven Halls
 44608 | Elf:3    | Found Howaqaq's Jewellery Emporium.
 44662 | Elf:3    | Learned a level 5 spell: Borgnjor's Vile Clutch
 44686 | Elf:3    | Reached skill level 1 in Necromancy
 46208 | Snake:2  | Bought the +6 pearl dragon scales "Pesemib" {rElec rC+ rN+
                  | Int-2} for 1824 gold pieces
 46447 | Shoals:4 | Entered Level 4 of the Shoals
 47225 | Shoals:4 | Got a barnacled rune of Zot
 47703 | Shoals:4 | HP: 9/189 [alligator snapping turtle (38)]
 49753 | Elf:3    | Reached skill level 10 in Armour
 49991 | Elf:3    | Identified the +12 bardiche of Extermination {vamp, rPois
                  | rC+ MP+9 Str+3}
 50179 | Elf:3    | Reached XP level 20. HP: 198/198 MP: 24/28
 50229 | Elf:3    | Reached skill level 5 in Necromancy
 50234 | Elf:3    | Identified the +12 falchion "Qexypin" {slice, *Corrode
                  | rPois rN+ Str+4}
 50570 | Elf:3    | Identified the +3 dagger "Nijoese" {elec, *Noise +Fly rElec
                  | rF+}
 50649 | Elf:3    | Identified Xem Hupp's Handbook of Captivating Displacement
 51851 | Snake:4  | Got a serpentine rune of Zot
 52830 | Vaults:1 | Entered Level 1 of the Vaults
 52830 | Vaults:1 | Noticed Donald
 52838 | Vaults:1 | Killed Donald
 52990 | Vaults:1 | Reached skill level 10 in Shields
 54096 | Vaults:1 | Noticed Saint Roka
 54119 | Vaults:1 | Killed Saint Roka
 54129 | Vaults:1 | Reached XP level 21. HP: 170/206 MP: 1/29
 54350 | Vaults:1 | Found Fushro's Armour Shop.
 55309 | Vaults:2 | Found a staircase to the Crypt.
 55754 | Vaults:2 | Found Reessib's Antique Armour Shop.
 58535 | Vaults:4 | HP: 3/206 [acid[an ironheart preserver] (14)]
 58999 | Vaults:4 | Reached XP level 22. HP: 112/214 MP: 10/30
 60048 | Vaults:4 | Got a faintly humming cloak
 60060 | Vaults:4 | Identified the +2 cloak of Youthful Indiscretion {MR+ Str-4
                  | Stlth+} (You found it on level 4 of the Vaults)
 60286 | Vaults:4 | Cast into level 2 of the Abyss (two-headed ogre)
 60650 | Vaults:4 | Escaped the Abyss
 60663 | Vaults:4 | Reached skill level 10 in Earth Magic
 61768 | Vaults:2 | Bought a shiny large shield for 270 gold pieces
 62022 | Depths:1 | Entered Level 1 of the Depths
 62046 | Depths:1 | Found a gateway to a ziggurat.
 63087 | Depths:1 | Learned a level 3 spell: Portal Projectile
 63551 | Depths:1 | Found a gateway to Hell.
 63984 | Depths:2 | Reached XP level 23. HP: 195/222 MP: 29/33
 64054 | Depths:2 | Reached skill level 5 in Stealth
 64457 | Depths:2 | Found a one-way gate to the infinite horrors of the Abyss.
 64561 | Depths:2 | Found the +8 arc blade {discharge, rElec}
 65105 | Depths:3 | Found a one-way gate leading to the halls of Pandemonium.
 65441 | Depths:3 | Found a transporter.
 65456 | Depths:3 | Found a transporter.
 66656 | Depths:4 | Reached skill level 5 in Translocations
 66735 | Depths:4 | Found a magical portal.
 67233 | WizLab   | Learned a level 4 spell: Passage of Golubria
 67291 | WizLab   | Found the +9 staff of Wucad Mu {channel}
 67367 | WizLab   | Reached XP level 24. HP: 231/231 MP: 15/35
 68358 | Depths:4 | Reached skill level 5 in Evocations
 68410 | Depths:4 | Found a corrupted altar of Lugonu.
 69178 | Depths:5 | Entered Level 5 of the Depths
 69285 | Depths:5 | Identified the +1 cloak of the Burgomaster {Regen+ Int+3}
                  | (You acquired it on level 5 of the Depths)
 70551 | Depths:5 | Reached XP level 25. HP: 198/239 MP: 28/35
 71039 | D:11     | You paid a toll of +2 shadow dragon scales to enter a
                  | treasure trove
 71040 | Trove    | Entered a treasure trove
 71111 | Trove    | Reached skill level 10 in Spellcasting
 71111 | Trove    | Reached XP level 26. HP: 248/248 MP: 35/36
 71877 | Depths:5 | Found a runed translucent door.
 71886 | Depths:5 | Found a runed translucent door.
 71886 | Depths:5 | Found a runed translucent door.
 71911 | Depths:5 | Found a runed translucent door.
 71913 | Depths:5 | Found a runed translucent door.
 71913 | Depths:5 | Found a runed translucent door.
 72162 | Depths:5 | Found a gate to the Realm of Zot.
 72398 | Depths:3 | Got a flickering glass ring
 72399 | Depths:3 | Identified the ring "Qexargh" {-Tele rF+ rN+ rCorr} (You
                  | found it on level 3 of the Depths)
 72752 | Vaults:5 | Entered Level 5 of the Vaults
 72801 | Vaults:4 | Reached skill level 10 in Evocations
 74880 | Vaults:5 | Learned a level 5 spell: Aura of Abjuration
 74894 | Vaults:5 | Reached skill level 1 in Summonings
 75822 | Vaults:4 | Reached XP level 27. HP: 151/256 MP: 17/38
 75888 | Vaults:5 | Reached skill level 5 in Summonings
 76764 | Vaults:5 | Identified the cursed +0 hunting sling "Teroaq" {flame,
                  | Dex+5}
 77673 | Vaults:5 | Found the +9 heavy crossbow "Sniper" {velocity, Acc+∞ SInv}
 77694 | Vaults:5 | Got a heavily runed copper ring
 77695 | Vaults:5 | Identified the ring "Leiv" {rF+ MR+ Int-2 Dex+6} (You found
                  | it on level 5 of the Vaults)
 77700 | Vaults:5 | Identified Sif Muna's Volume of the Traveller and
                  | Intoxication
 77706 | Vaults:5 | Learned a level 3 spell: Lesser Beckoning
 77944 | Vaults:5 | Got a silver rune of Zot
 77983 | Vaults:5 | Found Ribafim's Distillery.
 77983 | Vaults:5 | Found Ystrimun's Magic Scroll Shoppe.
 77987 | Vaults:5 | Bought 2 potions of might for 104 gold pieces
 77987 | Vaults:5 | Bought a potion of heal wounds for 65 gold pieces
 78004 | Vaults:5 | Found Kuguas's Magic Scroll Shop.
 78015 | Vaults:5 | Found Osmick's Food Shoppe.
 78087 | Vaults:5 | Found Keawoul's Food Shop.
 78087 | Vaults:5 | Found Perepos's Magic Scroll Emporium.
 78112 | Vaults:5 | Found Qoler's Food Emporium.
 78112 | Vaults:5 | Found Riafekoi's Magic Scroll Boutique.
 78133 | Vaults:5 | Found Rojeba's Armour Boutique.
 78246 | Vaults:5 | Bought 2 scrolls of blinking for 225 gold pieces
 78246 | Vaults:5 | Bought a scroll of enchant armour for 112 gold pieces
 78246 | Vaults:5 | Bought a scroll of blinking for 112 gold pieces
 78246 | Vaults:5 | Bought a scroll of blinking for 112 gold pieces
 78257 | Vaults:5 | Bought a scroll of holy word for 172 gold pieces
 78257 | Vaults:5 | Bought a scroll of fog for 46 gold pieces
 78270 | Vaults:5 | Bought a scroll of blinking for 157 gold pieces
 78270 | Vaults:5 | Bought a scroll of teleportation for 63 gold pieces
 78270 | Vaults:5 | Bought a scroll of teleportation for 63 gold pieces
 78270 | Vaults:5 | Bought a scroll of enchant armour for 157 gold pieces
 78270 | Vaults:5 | Bought a scroll of blinking for 157 gold pieces
 78270 | Vaults:5 | Bought a scroll of teleportation for 63 gold pieces
 78799 | Slime:1  | Entered Level 1 of the Pits of Slime
 79115 | Crypt:1  | Entered Level 1 of the Crypt
 81039 | Crypt:2  | Noticed Xtahua
 81045 | Crypt:2  | Killed Xtahua
 81045 | Crypt:2  | Reached skill level 10 in Translocations
 81389 | Crypt:2  | Reached skill level 10 in Necromancy
 82046 | Crypt:3  | Entered Level 3 of the Crypt
 82393 | Crypt:3  | Identified the ring "Yholixep" {+Fly rN+ Str+2}
 82602 | Crypt:3  | Found a staircase to the Tomb.
 82691 | Crypt:3  | Identified the ring "Potaoff" {rN+ Str+2}
 82709 | Crypt:3  | Identified the ring of Zaluly {rN+ MR+ Int+4 Dex+4}
 83007 | Crypt:3  | Noticed an ancient lich
 83173 | Crypt:3  | Killed an ancient lich
 83178 | Crypt:3  | Identified the Collected Works on Flamy Protection
 83915 | Slime:1  | Gained mutation: You are weak. (Str -2) [a shining eye]
 83916 | Slime:1  | Gained mutation: You occasionally shout uncontrollably at
                  | your foes. [a shining eye]
 83999 | Slime:2  | Gained mutation: Scrolls take you a little longer to read.
                  | [a shining eye]
 84430 | Slime:5  | Entered Level 5 of the Pits of Slime
 84444 | Slime:5  | Gained mutation: You are frail. (-10% HP) [a shining eye]
 84520 | Slime:5  | Lost mutation: You occasionally shout uncontrollably at
                  | your foes. [potion of mutation]
 84520 | Slime:5  | Lost mutation: You are weak. (Str -2) [potion of mutation]
 84520 | Slime:5  | Gained mutation: You expend magic power (3 MP) to
                  | strengthen your wands. [potion of mutation]
 84520 | Slime:5  | Gained mutation: You are covered in thick fur. (AC +2)
                  | [potion of mutation]
 84521 | Slime:5  | Lost mutation: You expend magic power (3 MP) to strengthen
                  | your wands. [potion of mutation]
 84521 | Slime:5  | Lost mutation: You are covered in thick fur. (AC +2)
                  | [potion of mutation]
 84521 | Slime:5  | Lost mutation: You are frail. (-10% HP) [potion of
                  | mutation]
 84521 | Slime:5  | Gained mutation: You are frail. (-10% HP) [potion of
                  | mutation]
 84521 | Slime:5  | Lost mutation: Scrolls take you a little longer to read.
                  | [potion of mutation]
 84524 | Slime:5  | Learned a level 1 spell: Summon Butterflies
 84710 | Slime:5  | Found a viscous altar of Jiyva.
 84716 | Slime:5  | Noticed the Royal Jelly
 84841 | Slime:4  | Gained mutation: Your body sometimes deteriorates upon
                  | taking damage. [a shining eye]
 85066 | Slime:5  | Killed the Royal Jelly
 85257 | Slime:5  | Identified the ring of Descent {Str+7 Stlth+} (You found it
                  | on level 5 of the Pits of Slime)
 85274 | Slime:5  | Got a slimy rune of Zot
 85327 | Slime:5  | Lost mutation: You are frail. (-10% HP) [potion of
                  | mutation]
 85327 | Slime:5  | Lost mutation: Your body sometimes deteriorates upon taking
                  | damage. [potion of mutation]
 85327 | Slime:5  | Gained mutation: You have a pair of small horns on your
                  | head. [potion of mutation]
 85327 | Slime:5  | Gained mutation: You are dopey. (Int -2) [potion of
                  | mutation]
 85327 | Slime:5  | Gained mutation: Your system is resistant to poisons.
                  | (rPois) [potion of mutation]
 85335 | Slime:5  | Learned a level 6 spell: Statue Form
 85578 | D:4      | Found Tyfeer's Book Boutique.
 85584 | D:4      | Bought a book of Necromancy for 360 gold pieces
 85588 | D:4      | Learned a level 3 spell: Regeneration
 85774 | Vaults:1 | Got a spiked cloak
 85775 | Vaults:1 | Identified the +2 cloak "Kiul" {rC- MR+++ Int-4 Dex+5} (You
                  | acquired it on level 1 of the Vaults)
 86544 | Vaults:1 | Learned a level 7 spell: Malign Gateway
 86834 | Zot:1    | Entered Level 1 of the Realm of Zot
 87564 | Zot:5    | Entered Level 5 of the Realm of Zot
 88420 | Zot:5    | Reached skill level 10 in Summonings
 88932 | Zot:5    | Noticed an ancient lich
 88938 | Zot:5    | Killed an ancient lich
 89223 | Zot:5    | Noticed an orb of fire
 89229 | Zot:5    | Noticed an ancient lich
 89232 | Zot:5    | Killed an orb of fire
 89235 | Zot:5    | Killed an ancient lich
 90064 | Zot:5    | Noticed an ancient lich
 90071 | Zot:5    | Killed an ancient lich
 90238 | Zot:5    | Noticed an orb of fire
 90239 | Zot:5    | Noticed an orb of fire
 90243 | Zot:5    | Noticed an orb of fire
 90251 | Zot:5    | Gained mutation: You occasionally shout uncontrollably at
                  | your foes. [an orb of fire]
 90253 | Zot:5    | Killed an orb of fire
 90254 | Zot:5    | Killed an orb of fire
 90254 | Zot:5    | Reached skill level 10 in Transmutations
 90254 | Zot:5    | Killed an orb of fire
 90500 | Zot:5    | Got the Orb of Zot
 90569 | Zot:4    | Noticed Ilorron the pandemonium lord
 90604 | Zot:3    | Noticed Vasim the pandemonium lord
 90610 | Zot:3    | Killed Vasim the pandemonium lord
 90751 | Depths:4 | Noticed Egopn the pandemonium lord
 90756 | Depths:4 | Killed Egopn the pandemonium lord
 90794 | Depths:2 | Noticed Fahugaing the pandemonium lord
 90802 | Depths:2 | Killed Fahugaing the pandemonium lord
 90865 | Depths:1 | Noticed Wung the pandemonium lord
 90871 | Depths:1 | Killed Wung the pandemonium lord
 91205 | D:$      | Escaped with the Orb!

Levels and vault maps discovered:
D:1:      erik_arrival_triangle_huge, layout_basic
D:2:      layout_basic, nicolae_qazlal_style_of_elements,
          mrwooster_statue_mirror, nicolae_ru_sacrificial_ziggurat,
          uniq_sigmund, uniq_jessica
D:3:      layout_rooms, dancing_weapons_uskayaw, serial_curves, eino_curves_03,
          eino_curves_04, chequers_ecumenical_altar_simple_redux,
          minmay_fractal_squares_gapless_5, uniq_ijyb
D:4:      layout_basic, old_standard_altar, enter_ossuary_3, serial_shops,
          nicolae_shop_behind_doors, first_ration, uniq_natasha, uniq_pikel
D:5:      layout_basic
D:6:      layout_cave_pools, lemuel_coloured_pillars_altar, serial_shops, shop
D:7:      layout_basic, minitemple, minmay_temple_entry_tees,
          dk_rats_in_the_wall, uniq_crazy_yiuf_cottage, uniq_duvessa
D:8:      layout_rooms, serial_curves, eino_curves_04, eino_curves_02
D:9:      layout_long_grid, grunt_gozag_breadcrumbs, blue_anna_alchemist
          [blue_anna_fruit_fields, blue_anna_fruit_fields],
          nicolae_straight_to_the_point
D:10:     minmay_slanted_spiral_squares, layout_basic,
          erik_lair_orcish_takeover, erik_orc_1, special_room
          [special_room_orc], uniq_snorg, uniq_harold
D:11:     layout_loops_corners, nicolae_trove_entry_crystal,
          eino_house_with_fridge, uniq_sonja
D:12:     layout_rooms, serial_shops, kennysheep_mini_moat,
          portal_ice_cave_demonic_guard
D:13:     layout_grid_maze, hangedman_vaults_entry_quadrant_bands
D:14:     layout_roguey, chequers_serial_rivers_micro_d
D:15:     grunt_enter_depths_snipers, layout_loops_corners, nicolae_wwwww
Temple:   dpeg_chambers_temple
Lair:1:   layout_small_grid, serial_bayou_lagoon_a
Lair:2:   layout_big_grid, shoals_dummy_entry, serial_bayou,
          serial_bayou_pond_c, serial_bayou_ford_a, serial_bayou_shore_b,
          serial_bayou_pond_a, serial_bayou_pond_b
Lair:3:   layout_roguey, gauntlet_entry_generic, nicolae_volcano_entry_batcave
Lair:4:   cheibrodos_magma_flow, layout_misc_corridors,
          guppyfry_snake_entry_island, beast_lair_carwin_5
Lair:5:   layout_hall_layers, nicolae_slime_entry_slimehenge
Lair:6:   hangedman_lair_tendril_chambers, layout_regular_city,
          guppyfry_lair_end_dragon, maelrawn_ghost_gauntlet_escape, basic_altar,
          lemuel_fruit_fields
Shoals:1: layout_shoals
Shoals:2: cheibrodos_shoals_gigantism, layout_shoals, st_shoals_ruin
Shoals:3: layout_shoals
Shoals:4: shoals_end_hangedman, layout_shoals,
          nicolae_shoals_stone_sculpture_thing, overgrown_statue
Snake:1:  layout_layer_cave, guppyfry_snake_island
Snake:2:  layout_grid_maze, abandoned_shop, minmay_shop_star, grunt_megastairs_2
Snake:3:  layout_misc_corridors, grunt_ministairs_7, uniq_vashnia
Snake:4:  grunt_snake_rune_pools, layout_cave_town, st_stairs_6
Slime:1:  layout_caves
Slime:2:  layout_caves
Slime:3:  layout_caves, cheibrodos_slime_lost_civilization_4
Slime:4:  layout_caves
Slime:5
Orc:1:    layout_diamond_mine
Orc:2:    st_orc_mages, layout_caves, uniq_erolcha, uniq_rupert
Elf:1:    minmay_elf_arrival_plus, layout_onion_city,
          portal_desolation_entry_nicolae_slug, minmay_elf_demonology
Elf:2:    layout_geoelf_grid
Elf:3:    grunt_elf_hall_asides, layout_geoelf_castle, serial_shops, shop
Vaults:1: vaults_standard_mumra_x, st_lattice, v_alt_pattern_1,
          nicolae_vaults_shelves_hall, vaults_room_door_hall,
          vaults_room_stairs_pillars, nicolae_vaults_network_quinsquares
          [nicolae_vaults_network_quincunx_subvault,
          nicolae_vaults_network_quincunx_subvault,
          nicolae_vaults_network_quincunx_subvault,
          nicolae_vaults_network_quincunx_subvault],
          vaults_room_grunt_arrival_ludios, ontoclasm_vaults_ring_large,
          hangedman_vaults_corner_blocks, nicolae_vaults_circle_grid_b,
          vaults_room_pool, v_misc_15, layout_vaults_ring, serial_shops,
          nicolae_shop_statue_plus, uniq_saint_roka, uniq_donald
Vaults:2: v_misc_16, minmay_crypt_entry_vampire_xt, v_misc_1,
          ontoclasm_vaults_shuriken, nicolae_vaults_three_branches,
          grunt_vaults_trifunnel, vaults_standard_mumra_enter_the_diamond,
          nicolae_vaults_back_hallway, vaults_room_stairs_pillars,
          vaults_room_stairs_pillars, nicolae_vaults_asterisk,
          nicolae_vaults_what_the_h, layout_vaults_omnibox, serial_shops,
          nicolae_shop_crystal
Vaults:3: ontoclasm_vaults_ring_square, nicolae_vaults_network_periphery,
          vaults_room_fours, v_misc_8, v_misc_28, ontoclasm_vaults_bender,
          ontoclasm_vaults_chip, vaults_room_pools, v_misc_25,
          ontoclasm_vaults_tryst, v_pattern_3, nicolae_vaults_alarming,
          layout_vaults_omnigrid
Vaults:4: st_star, vaults_room_fours, grunt_vaults_hallway_short,
          nicolae_vaults_asterisk, ontoclasm_vaults_gateway, v_misc_26,
          hangedman_vaults_restitches, hangedman_vaults_slice,
          nicolae_vaults_border_crossing,
          nicolae_vaults_windows_and_doors_thing, vaults_room_pool,
          nicolae_vaults_angled_halls, nicolae_vaults_shelves_hall,
          layout_vaults_maze
Vaults:5
Crypt:1:  layout_misc_corridors, grunt_crypt_arrival_webbed
Crypt:2:  layout_chaotic_city, skrybe_necro_troll_1, uniq_xtahua
Crypt:3:  david_glass_crypt, layout_chaotic_city
Depths:1: layout_basic, enter_ziggurat_b, serial_bayou, serial_bayou_crossing,
          serial_bayou_pond_a, serial_bayou_pond_e, serial_bayou_pond_a,
          pf_dread_powers_of_hell, hangedman_abyss_or_decor_stabs,
          chequers_big_river, hangedman_decor_riveting, hangedman_decor_lopped
Depths:2: minmay_shoctagon, layout_gridlike, abyss_entry_small_statue_room,
          lightli_too_deep, minmay_misc_feat_encased, infiniplex_staircase_star
Depths:3: gammafunk_jiyva_shrine, layout_cave_shapes, pan_entry, hell_entry,
          minmay_staircase_windowed_small
Depths:4: kennysheep_spiral_hall, layout_basic, abyss_entry_flame_altar,
          special_room [special_room_mythical_zoo], grunt_decor_resistance,
          rand_demon_pan_entry_8, hell_entry, serial_glass, glass_columns_c,
          glass_columns_c, glass_columns_a, glass_columns_b, glass_columns_a,
          mu_enter_wizlab_7
Depths:5: evilmike_zot_entry_castle, layout_cave_shapes, hell_entry,
          kilobyte_rumbling_trees, serial_bayou_shore_b,
          infiniplex_staircase_pool_lava
Zot:1:    minmay_elemental_castle, layout_cathedral_of_symmetry
Zot:2:    layout_cathedral_of_symmetry
Zot:3:    layout_onion_interference, grunt_ministairs_2, zot_minivault_4,
          grunt_megastairs_3
Zot:4:    layout_cathedral_of_symmetry, hangedman_elemental_grid_stream
Zot:5:    layout_basic

Skill      XL: |  1  2  3  4  5  6  7  8  9 10 11 12 13 14 15 16 17 18 19 20 21 22 23 24 25 26 27 |
---------------+----------------------------------------------------------------------------------+-----
Unarmed Combat | 1 2 4 6 8 9 10 11 12 | 12.5
Fighting       | 2 3 4 5 7 8 10 12 | 12.7
Shields        | 2 3 5 8 9 11 12 | 12.5
Hexes          | 3 4 6 7 8 9 |  9.3
Invocations    | 1 5 7 8 10 11 12 | 12.7
Evocations     | 2 4 7 8 10 12 | 12.0
Conjurations   | 1 3 |  3.0
Translocations | 1 2 5 8 12 | 12.0
Poison Magic   | 1 3 5 8 |  8.0
Air Magic      | 1 3 |  3.0
Spellcasting   | 3 4 5 6 7 9 10 12 | 12.0
Throwing       | 4 6 10 11 12 | 12.5
Armour         | 1 5 6 10 12 | 12.5
Dodging        | 2 5 6 |  6.0
Earth Magic    | 4 7 8 10 12 | 12.5
Transmutations | 5 6 7 8 11 | 11.3
Necromancy     | 4 6 12 | 12.0
Stealth        | 4 5 7 8 |  8.0
Summonings     | 4 12 | 12.0

Action                   |  1- 3 |  4- 6 |  7- 9 | 10-12 | 13-15 | 16-18 | 19-21 | 22-24 | 25-27 || total
-------------------------+-------+-------+-------+-------+-------+-------+-------+-------+-------++-------
Melee: Unarmed           |   133 |   143 |   439 |   813 |  1357 |  1142 |  1248 |  1395 |  1505 ||  8175
       Punch             |     1 |       |       |       |       |       |       |       |       ||     1
       Staff             |       |       |       |       |       |    22 |       |       |       ||    22
       Headbutt          |       |       |       |       |       |       |       |       |    60 ||    60
Throw: Boomerang         |       |       |     5 |    17 |   140 |   134 |   237 |   184 |   106 ||   823
       Dart              |       |       |       |       |     5 |     2 |     7 |       |     3 ||    17
       Large rock        |       |       |       |       |     7 |   323 |   122 |   132 |   488 ||  1072
       Throwing net      |       |       |       |       |     1 |       |     1 |       |     1 ||     3
       Javelin           |       |       |       |       |       |    17 |    30 |    70 |    58 ||   175
 Cast: Confusing Touch   |       |       |       |    67 |   114 |    66 |    19 |    42 |    28 ||   336
       Blink             |       |       |       |     9 |    30 |    18 |     7 |    13 |    27 ||   104
       Confuse           |       |       |       |     4 |     4 |       |       |       |       ||     8
       Mephitic Cloud    |       |       |       |     4 |    33 |    35 |    85 |    26 |    23 ||   206
       Olgreb's Toxic Ra |       |       |       |       |    34 |    51 |    87 |    36 |    12 ||   220
       Yara's Violent Un |       |       |       |       |       |     2 |    18 |    15 |    10 ||    45
       Lee's Rapid Decon |       |       |       |       |       |       |    50 |    41 |   238 ||   329
       Passage of Golubr |       |       |       |       |       |       |       |    11 |     9 ||    20
       Borgnjor's Vile C |       |       |       |       |       |       |       |       |   127 ||   127
       Statue Form       |       |       |       |       |       |       |       |       |    12 ||    12
       Regeneration      |       |       |       |       |       |       |       |       |     7 ||     7
       Aura of Abjuratio |       |       |       |       |       |       |       |       |     4 ||     4
       Summon Butterflie |       |       |       |       |       |       |       |       |     3 ||     3
       Portal Projectile |       |       |       |       |       |       |       |       |     3 ||     3
       Malign Gateway    |       |       |       |       |       |       |       |       |     2 ||     2
Invok: Slouch            |       |       |       |     3 |    19 |    23 |     7 |     2 |    11 ||    65
       Bend Time         |       |       |       |       |     4 |       |       |       |     1 ||     5
       Step From Time    |       |       |       |       |       |     1 |     3 |       |     1 ||     5
       Temporal Distorti |       |       |       |       |       |       |       |       |     1 ||     1
Evoke: Wand              |       |       |       |    31 |    46 |    11 |    30 |     9 |     8 ||   135
       Phantom mirror    |       |       |       |       |     1 |       |       |       |       ||     1
       Lamp of fire      |       |       |       |       |       |     1 |     5 |     1 |     5 ||    12
       Lightning rod     |       |       |       |       |       |       |     8 |       |       ||     8
       Phial of floods   |       |       |       |       |       |       |     3 |     2 |       ||     5
       Staff of Wucad Mu |       |       |       |       |       |       |       |       |    17 ||    17
  Use: Potion            |       |     2 |       |     4 |     1 |     4 |     9 |     6 |     9 ||    35
       Scroll            |       |     1 |    12 |     5 |    20 |    19 |    16 |    12 |    27 ||   112
 Stab: Sleeping          |     2 |       |     4 |     7 |     3 |       |       |     5 |     2 ||    23
       Confused          |       |       |       |    64 |    74 |    59 |    54 |    41 |    28 ||   320
       Distracted        |       |       |       |     2 |     1 |       |       |     4 |       ||     7
       Paralysed         |       |       |       |     2 |    12 |       |       |    14 |     9 ||    37
  Eat: Chunk             |    16 |     2 |    51 |    62 |    82 |    94 |    96 |    72 |    70 ||   545
       Ration            |       |       |     2 |       |     4 |     2 |     3 |     2 |    15 ||    28
Armor: Robe              |    64 |    42 |    84 |    79 |    22 |       |       |       |       ||   291
       Skin              |       |       |       |    83 |     4 |       |       |       |    46 ||   133
       Animal skin       |       |       |       |    56 |       |       |       |       |       ||    56
       Steam dragon scal |       |       |       |    12 |    25 |       |       |       |       ||    37
       Acid dragon scale |       |       |       |       |   152 |       |       |       |       ||   152
       Fire dragon scale |       |       |       |       |   134 |   425 |    48 |       |       ||   607
       Pearl dragon scal |       |       |       |       |       |       |   374 |   635 |   596 ||  1605
Dodge: Dodged            |    67 |    34 |    97 |   165 |   331 |   451 |   373 |   386 |   361 ||  2265
Block: Shield            |       |    17 |   164 |   437 |   700 |   796 |   705 |   127 |       ||  2946
       Reflection        |       |       |       |       |       |       |    52 |   116 |    96 ||   264
       Large shield      |       |       |       |       |       |       |    33 |  1660 |  2209 ||  3902

Table legend:
 A = Turns spent in this place as a percentage of turns spent in the entire game.
 B = Non-inter-level travel turns spent in this place as a percentage of non-inter-level travel turns spent in the entire game.
 C = Inter-level travel turns spent in this place as a percentage of turns spent in this place.
 D = Turns resting spent in this place as a percentage of non-inter-level travel turns spent in this place.
 E = Turns spent auto-exploring this place as a percentage of non-inter-level travel turns spent in this place.
 F = Non-inter-level travel turns spent in this place divided by the number of levels of this place that you've seen.
                   A       B       C       D       E      F
               +-------+-------+-------+-------+-------+----------------------
         Total | 100.0 | 100.0 |  12.7 |  32.5 |  37.7 | 1224.4
       Dungeon |  19.8 |  17.0 |  25.0 |  10.1 |  59.8 | 902.0
        Temple |   0.2 |   0.2 |  11.0 |   0.0 |  92.5 | 161.0
          Lair |  11.1 |  10.0 |  21.6 |  26.8 |  48.7 | 1324.3
        Shoals |   6.9 |   7.0 |  11.4 |  42.6 |  33.1 | 1396.2
     Snake Pit |  11.3 |  12.1 |   6.4 |  40.4 |  36.5 | 2415.5
    Slime Pits |   1.6 |   1.8 |   2.9 |  43.4 |   0.0 | 290.4
  Orcish Mines |   2.1 |   2.0 |  19.3 |  28.5 |  43.5 | 782.0
   Elven Halls |   6.0 |   6.0 |  12.0 |  37.1 |  37.1 | 1595.7
        Vaults |  16.4 |  17.1 |   8.9 |  42.4 |  30.6 | 2722.6
         Crypt |   4.9 |   5.4 |   4.4 |  35.4 |  40.5 | 1425.3
        Depths |  10.5 |  10.9 |   9.3 |  26.5 |  38.6 | 1737.6
           Zot |   4.2 |   4.8 |   1.1 |  56.5 |   5.6 | 756.8
         Abyss |   0.4 |   0.5 |   0.0 |   0.0 |   0.0 | 364.0
         Trove |   0.1 |   0.1 |   0.0 |   0.0 |   0.0 |  91.0
       Ossuary |   0.4 |   0.5 |   0.0 |  26.4 |  32.8 | 360.0
      Ice Cave |   0.8 |   0.9 |   0.0 |  41.6 |   6.4 | 714.0
        Wizlab |   0.8 |   0.9 |   0.0 |  22.8 |   0.0 | 703.0
    Desolation |   2.3 |   2.7 |   0.0 |  44.3 |  18.9 | 2132.0
      Gauntlet |   0.2 |   0.2 |   0.0 |   0.0 |   0.0 | 174.0
               +-------+-------+-------+-------+-------+----------------------

Table legend:
 A = Kills in this place as a percentage of kills in entire the game.
 B = Kills by you in this place as a percentage of kills by you in the entire game.
 C = Kills by friends in this place as a percentage of kills by friends in the entire game.
 D = Other kills in this place as a percentage of other kills in the entire game.
 E = Experience gained in this place as a percentage of experience gained in the entire game.
 F = Experience gained in this place divided by the number of levels of this place that you have seen.
                   A       B       C       D       E      F
               +-------+-------+-------+-------+-------+----------------------
         Total | 100.0 | 100.0 | 100.0 | 100.0 | 100.0 | 27615.4
       Dungeon |  18.3 |  18.8 |  11.1 |   6.2 |   4.5 | 5372.1
          Lair |   8.1 |   8.3 |   0.0 |   4.5 |   3.2 | 9570.7
        Shoals |   6.5 |   6.6 |   0.0 |   4.5 |   5.2 | 23519.0
     Snake Pit |   8.7 |   8.9 |  11.1 |   3.6 |   8.0 | 36020.5
    Slime Pits |   2.0 |   2.1 |   0.0 |   0.0 |   3.6 | 12940.4
  Orcish Mines |   3.3 |   3.4 |   0.0 |   1.8 |   0.7 | 5952.5
   Elven Halls |   5.2 |   5.3 |   0.0 |   1.8 |   6.2 | 36841.7
        Vaults |  19.2 |  18.1 |  11.1 |  44.6 |  24.4 | 87627.2
         Crypt |   6.1 |   6.4 |   0.0 |   0.9 |   8.9 | 53268.0
        Depths |  13.1 |  12.3 |  11.1 |  31.2 |  16.5 | 59058.8
           Zot |   4.2 |   4.1 |  55.6 |   0.9 |  15.2 | 54502.4
         Abyss |   0.8 |   0.9 |   0.0 |   0.0 |   0.7 | 12835.0
       Ossuary |   0.6 |   0.6 |   0.0 |   0.0 |   0.0 | 155.0
      Ice Cave |   0.7 |   0.8 |   0.0 |   0.0 |   0.2 | 3973.0
        Wizlab |   0.0 |   0.0 |   0.0 |   0.0 |   0.1 | 1183.0
    Desolation |   3.3 |   3.5 |   0.0 |   0.0 |   2.7 | 47813.0
               +-------+-------+-------+-------+-------+----------------------

Levels and vault maps discovered:
D:1:      erik_arrival_triangle_huge, layout_basic
D:2:      layout_basic, nicolae_qazlal_style_of_elements,
          mrwooster_statue_mirror, nicolae_ru_sacrificial_ziggurat,
          uniq_sigmund, uniq_jessica
D:3:      layout_rooms, dancing_weapons_uskayaw, serial_curves, eino_curves_03,
          eino_curves_04, chequers_ecumenical_altar_simple_redux,
          minmay_fractal_squares_gapless_5, uniq_ijyb
D:4:      layout_basic, old_standard_altar, enter_ossuary_3, serial_shops,
          nicolae_shop_behind_doors, first_ration, uniq_natasha, uniq_pikel
D:5:      layout_basic
D:6:      layout_cave_pools, lemuel_coloured_pillars_altar, serial_shops, shop
D:7:      layout_basic, minitemple, minmay_temple_entry_tees,
          dk_rats_in_the_wall, uniq_crazy_yiuf_cottage, uniq_duvessa
D:8:      layout_rooms, serial_curves, eino_curves_04, eino_curves_02
D:9:      layout_long_grid, grunt_gozag_breadcrumbs, blue_anna_alchemist
          [blue_anna_fruit_fields, blue_anna_fruit_fields],
          nicolae_straight_to_the_point
D:10:     minmay_slanted_spiral_squares, layout_basic,
          erik_lair_orcish_takeover, erik_orc_1, special_room
          [special_room_orc], uniq_snorg, uniq_harold
D:11:     layout_loops_corners, nicolae_trove_entry_crystal,
          eino_house_with_fridge, uniq_sonja
D:12:     layout_rooms, serial_shops, kennysheep_mini_moat,
          portal_ice_cave_demonic_guard
D:13:     layout_grid_maze, hangedman_vaults_entry_quadrant_bands
D:14:     layout_roguey, chequers_serial_rivers_micro_d
D:15:     grunt_enter_depths_snipers, layout_loops_corners, nicolae_wwwww
Temple:   dpeg_chambers_temple
Lair:1:   layout_small_grid, serial_bayou_lagoon_a
Lair:2:   layout_big_grid, shoals_dummy_entry, serial_bayou,
          serial_bayou_pond_c, serial_bayou_ford_a, serial_bayou_shore_b,
          serial_bayou_pond_a, serial_bayou_pond_b
Lair:3:   layout_roguey, gauntlet_entry_generic, nicolae_volcano_entry_batcave
Lair:4:   cheibrodos_magma_flow, layout_misc_corridors,
          guppyfry_snake_entry_island, beast_lair_carwin_5
Lair:5:   layout_hall_layers, nicolae_slime_entry_slimehenge
Lair:6:   hangedman_lair_tendril_chambers, layout_regular_city,
          guppyfry_lair_end_dragon, maelrawn_ghost_gauntlet_escape, basic_altar,
          lemuel_fruit_fields
Shoals:1: layout_shoals
Shoals:2: cheibrodos_shoals_gigantism, layout_shoals, st_shoals_ruin
Shoals:3: layout_shoals
Shoals:4: shoals_end_hangedman, layout_shoals,
          nicolae_shoals_stone_sculpture_thing, overgrown_statue
Snake:1:  layout_layer_cave, guppyfry_snake_island
Snake:2:  layout_grid_maze, abandoned_shop, minmay_shop_star, grunt_megastairs_2
Snake:3:  layout_misc_corridors, grunt_ministairs_7, uniq_vashnia
Snake:4:  grunt_snake_rune_pools, layout_cave_town, st_stairs_6
Slime:1:  layout_caves
Slime:2:  layout_caves
Slime:3:  layout_caves, cheibrodos_slime_lost_civilization_4
Slime:4:  layout_caves
Slime:5
Orc:1:    layout_diamond_mine
Orc:2:    st_orc_mages, layout_caves, uniq_erolcha, uniq_rupert
Elf:1:    minmay_elf_arrival_plus, layout_onion_city,
          portal_desolation_entry_nicolae_slug, minmay_elf_demonology
Elf:2:    layout_geoelf_grid
Elf:3:    grunt_elf_hall_asides, layout_geoelf_castle, serial_shops, shop
Vaults:1: vaults_standard_mumra_x, st_lattice, v_alt_pattern_1,
          nicolae_vaults_shelves_hall, vaults_room_door_hall,
          vaults_room_stairs_pillars, nicolae_vaults_network_quinsquares
          [nicolae_vaults_network_quincunx_subvault,
          nicolae_vaults_network_quincunx_subvault,
          nicolae_vaults_network_quincunx_subvault,
          nicolae_vaults_network_quincunx_subvault],
          vaults_room_grunt_arrival_ludios, ontoclasm_vaults_ring_large,
          hangedman_vaults_corner_blocks, nicolae_vaults_circle_grid_b,
          vaults_room_pool, v_misc_15, layout_vaults_ring, serial_shops,
          nicolae_shop_statue_plus, uniq_saint_roka, uniq_donald
Vaults:2: v_misc_16, minmay_crypt_entry_vampire_xt, v_misc_1,
          ontoclasm_vaults_shuriken, nicolae_vaults_three_branches,
          grunt_vaults_trifunnel, vaults_standard_mumra_enter_the_diamond,
          nicolae_vaults_back_hallway, vaults_room_stairs_pillars,
          vaults_room_stairs_pillars, nicolae_vaults_asterisk,
          nicolae_vaults_what_the_h, layout_vaults_omnibox, serial_shops,
          nicolae_shop_crystal
Vaults:3: ontoclasm_vaults_ring_square, nicolae_vaults_network_periphery,
          vaults_room_fours, v_misc_8, v_misc_28, ontoclasm_vaults_bender,
          ontoclasm_vaults_chip, vaults_room_pools, v_misc_25,
          ontoclasm_vaults_tryst, v_pattern_3, nicolae_vaults_alarming,
          layout_vaults_omnigrid
Vaults:4: st_star, vaults_room_fours, grunt_vaults_hallway_short,
          nicolae_vaults_asterisk, ontoclasm_vaults_gateway, v_misc_26,
          hangedman_vaults_restitches, hangedman_vaults_slice,
          nicolae_vaults_border_crossing,
          nicolae_vaults_windows_and_doors_thing, vaults_room_pool,
          nicolae_vaults_angled_halls, nicolae_vaults_shelves_hall,
          layout_vaults_maze
Vaults:5
Crypt:1:  layout_misc_corridors, grunt_crypt_arrival_webbed
Crypt:2:  layout_chaotic_city, skrybe_necro_troll_1, uniq_xtahua
Crypt:3:  david_glass_crypt, layout_chaotic_city
Depths:1: layout_basic, enter_ziggurat_b, serial_bayou, serial_bayou_crossing,
          serial_bayou_pond_a, serial_bayou_pond_e, serial_bayou_pond_a,
          pf_dread_powers_of_hell, hangedman_abyss_or_decor_stabs,
          chequers_big_river, hangedman_decor_riveting, hangedman_decor_lopped
Depths:2: minmay_shoctagon, layout_gridlike, abyss_entry_small_statue_room,
          lightli_too_deep, minmay_misc_feat_encased, infiniplex_staircase_star
Depths:3: gammafunk_jiyva_shrine, layout_cave_shapes, pan_entry, hell_entry,
          minmay_staircase_windowed_small
Depths:4: kennysheep_spiral_hall, layout_basic, abyss_entry_flame_altar,
          special_room [special_room_mythical_zoo], grunt_decor_resistance,
          rand_demon_pan_entry_8, hell_entry, serial_glass, glass_columns_c,
          glass_columns_c, glass_columns_a, glass_columns_b, glass_columns_a,
          mu_enter_wizlab_7
Depths:5: evilmike_zot_entry_castle, layout_cave_shapes, hell_entry,
          kilobyte_rumbling_trees, serial_bayou_shore_b,
          infiniplex_staircase_pool_lava
Zot:1:    minmay_elemental_castle, layout_cathedral_of_symmetry
Zot:2:    layout_cathedral_of_symmetry
Zot:3:    layout_onion_interference, grunt_ministairs_2, zot_minivault_4,
          grunt_megastairs_3
Zot:4:    layout_cathedral_of_symmetry, hangedman_elemental_grid_stream
Zot:5:    layout_basic
